 Dungeon Crawl Stone Soup version 0.28.0-53-g5a82cb258f (webtiles) character file.

Game seed: 5309964377821050762

45 safid the Digger (level 3, -1/20 HPs)
             Began as a Gargoyle Earth Elementalist on Sept 7, 2022.
             Frozen to death by an endoplasm (2 damage)
             ... on level 2 of the Dungeon.
             The game lasted 00:01:38 (2150 turns).

safid the Digger (Gargoyle Earth Elementalist)      Turns: 2150, Time: 00:01:38

Health: -1/20      AC:  5    Str: 11    XL:     3   Next: 64%
Magic:  6/6        EV: 12    Int: 17    God:
Gold:   35         SH:  0    Dex: 10    Spells: 6/7 levels left

rFire   + . .      SeeInvis .   i - +0 dagger
rCold   . . .      Faith    .   (no shield)
rNeg    + . .      Spirit   .   b - +0 robe
rPois   ∞          Reflect  .   (no helmet)
rElec   +          Harm     .   (no cloak)
rCorr   .          Rampage  .   (no gloves)
Will    .....                   (no boots)
Stlth   ++........              (no amulet)
HPRegen 0.06/turn               g - ring of protection from fire
MPRegen 0.10/turn               (no ring)

@: no status effects
A: sickness immunity, AC +3, negative energy resistance 1, electricity
resistance, torment resistance 1, petrification resistance
a: no special abilities


You were on level 2 of the Dungeon.
You visited 1 branch of the dungeon, and saw 2 of its levels.

You collected 35 gold pieces.

Inventory:

Hand Weapons
 i - a +0 dagger (weapon)
Missiles
 c - 30 stones
Armour
 b - a +0 robe (worn)
Jewellery
 g - a ring of protection from fire (left hand)
Scrolls
 d - 3 scrolls of silence {unknown}
 e - 2 scrolls of identify {unknown}
 f - a scroll of blinking {unknown}
 h - a scroll of magic mapping {unknown}
Potions
 a - 2 potions of berserk rage {unknown}
 j - a potion of attraction {unknown}


   Skills:
 + Level 1.5 Fighting
 - Level 2.0 Dodging
 - Level 2.1 Stealth
 + Level 2.5 Spellcasting
 - Level 0.7 Transmutations
 + Level 4.2 Earth Magic


You had 6 spell levels left.
You knew the following spells:

 Your Spells              Type           Power      Damage    Failure   Level
a - Sandblast             Erth           32%        2d9       3%          1

Your spell library contained the following spells:

 Spells                   Type           Power      Damage    Failure   Level
 Passwall                 Tmut/Erth      8%         N/A       10%         2
 Stone Arrow              Conj/Erth      18%        3d8       24%         3
 Petrify                  Tmut/Erth      10%        N/A       54%         4


Dungeon Overview and Level Annotations

Branches:
Dungeon (2/15)

Altars:


Innate Abilities, Weirdness & Mutations

You are immune to sickness and miasma.
Your stone body is resilient. (AC +3)
You are immune to poison.
You resist negative energy. (rN+)
You are resistant to electric shocks. (rElec)
You are resistant to unholy torment.
You are immune to petrification.


Message History

You hit the jackal but do no damage.
The jackal is heavily wounded.
The jackal closely misses you. The kobold completely misses you.
You barely miss the jackal.
The jackal is heavily wounded.
The jackal closely misses you. x2; The endoplasm barely misses you.
The kobold hits you but does no damage.
A worm comes into view.
You hit the jackal.
The jackal is severely wounded.
The jackal misses you.
The endoplasm hits you but does no damage.
The kobold hits you with the +8 dagger of Arrival {spect, +Blink rF+}.
You closely miss the jackal.
The jackal is severely wounded.
The jackal misses you.
The jackal bites you but does no damage.
The endoplasm freezes you.
You are frozen.
The kobold closely misses you.
You hit the jackal. You punch the jackal.
You kill the jackal!
The endoplasm hits you but does no damage.
The kobold closely misses you.
You hit the endoplasm.
The endoplasm is moderately wounded.
The quokka bites you.
The endoplasm hits you but does no damage.
The kobold hits you but does no damage.
You hit the endoplasm but do no damage.
The endoplasm is moderately wounded.
The quokka bites you but does no damage.
The endoplasm freezes you.
You are frozen.
* * * LOW HITPOINT WARNING * * *
The kobold hits you with the +8 dagger of Arrival {spect, +Blink rF+}.
* * * LOW HITPOINT WARNING * * *
The quokka misses you. The endoplasm freezes you.
You are frozen.
You die...

# ####### ..
....... .. #
....... #. .#
.###### #. ... .#
### #.### w) .#
##.## ...#.### ##
##.#.#####Jl....#
# #.###....@rK.#
##.#.#######.#
##.## #
##########.#
.†.........#
############


You could see a worm, an endoplasm, a quokka, a kobold and a frilled lizard.

Vanquished Creatures
  4 dart slugs
  2 endoplasms
  3 giant cockroaches
  5 goblins (D:1)
  2 hobgoblins
  A jackal (D:2)
  3 quokkas
  5 ball pythons (D:1)
  4 bats
  3 frilled lizards
  3 kobolds (D:1)
35 creatures vanquished.

Notes
Turn   | Place    | Note
-------+----------+-------------------------------------------
     0 | D:1      | safid the Gargoyle Earth Elementalist began the quest for
                  | the Orb.
     0 | D:1      | Reached XP level 1. HP: 10/10 MP: 3/3
   254 | D:1      | Reached XP level 2. HP: 13/16 MP: 5/5
   704 | D:1      | Reached skill level 1 in Fighting
   852 | D:1      | Reached skill level 4 in Earth Magic
  1203 | D:1      | Found a faded altar of an unknown god.
  1214 | D:1      | Reached XP level 3. HP: 15/20 MP: 6/6
  2134 | D:2      | Identified the +8 dagger of Arrival {spect, +Blink rF+}
  2149 | D:2      | HP: 1/20 [kobold/the +8 dagger of Arrival {spect, +Blink
                  | rF+} (5)]
  2150 | D:2      | Frozen to death by an endoplasm

Illustrated notes

Levels and vault maps discovered:
D:1:      dpeg_arrival_tiny_f, layout_loops_ring, basic_ecumenical_altar,
          st_stairs_8, minmay_misc_feat_rugged
D:2:      minmay_alternating_diamond, layout_loops_ring, minmay_hexomino_r4,
          uniq_robin

Skill      XL: |  1  2  3 |
---------------+----------+-----
Fighting       | 1 |  1.5
Earth Magic    | 4 |  4.2
Dodging        | 2 |  2.0
Stealth        | |  2.1
Spellcasting   | |  2.5
Transmutations | |  0.7

Action                   || total
-------------------------++-------
Melee: Club              ||    76
       Unarmed           ||     1
       Dagger            ||   101
       Punch             ||     2
 Cast: Sandblast         ||     8
 Stab: Sleeping          ||     6
Armor: Robe              ||    60
Dodge: Dodged            ||   122
